 Dungeon Crawl Stone Soup version 0.28.0-43-g3370ac3207 (webtiles) character file.

Game seed: 17686256979340868885

861 demenzo the Slasher (level 8, -9/58 HPs)
             Began as a Djinni Gladiator on Mar 18, 2022.
             Was a Follower of Nemelex Xobeh.
             Mangled by Harold
             ... wielding a +0 battleaxe
              (24 damage)
             ... on level 7 of the Dungeon.
             The game lasted 00:12:08 (8221 turns).

demenzo the Slasher (Djinni Gladiator)              Turns: 8221, Time: 00:12:09

Health: -9/58      AC:  6    Str: 12 (15) XL:     8   Next: 22%
Gold:   249        EV: 12    Int:  9 (11) God:    Nemelex Xobeh [*.....] SH:  0 Dex: 12 (14)

rFire   + + +      SeeInvis .   a - +2 rapier (elec)
rCold   . . .      Faith    .   (no shield)
rNeg    . . .      Spirit   .   w - +0 ring mail
rPois   ∞          Reflect  .   p - +1 hat {Will+}
rElec   .          Harm     .   (no cloak)
rCorr   .          Rampage  .   (no gloves)
Will    .....                   (boots unavailable)
Stlth   +.........              (no amulet)
HPRegen 0.19/turn               e - ring of protection from fire
MPRegen 0.00/turn               l - ring of protection from cold

@: about to teleport, weak-willed, flying
A: sickness immunity, fire resistance 2, cold vulnerability 1, float, innate
caster, HP casting, extra vitality 1
a: Renounce Religion, Draw Escape, Draw Destruction, Draw Summoning


You were on level 7 of the Dungeon.
You worshipped Nemelex Xobeh.
Nemelex Xobeh was aware of your devotion.
You visited 1 branch of the dungeon, and saw 8 of its levels.

You collected 249 gold pieces.

Inventory:

Hand Weapons
 a - a +2 rapier of electrocution (weapon)
 u - a +0 hand crossbow
 D - a +0 rapier
 E - a +0 long sword
Missiles
 d - 3 throwing nets (quivered)
 i - 289 stones
Armour
 b - a +0 leather armour
 c - a +0 helmet
 p - a +1 hat of willpower (worn)
 w - a +0 ring mail (worn)
 x - a +0 chain mail
Jewellery
 e - a ring of protection from fire (left hand)
 l - a ring of protection from cold (right hand)
Wands
 F - a wand of iceblast (5)
Scrolls
 h - a scroll of vulnerability
 n - a scroll of blinking {unknown}
 o - a scroll of teleportation
 r - a scroll of torment {unknown}
 v - a scroll of summoning {unknown}
 y - a scroll of amnesia {unknown}
 C - a scroll of fog {unknown}
Potions
 f - 3 potions of degeneration
 g - 2 potions of resistance
 j - a potion of curing
 q - 2 potions of haste
 t - a potion of brilliance
 z - a potion of lignification
 A - a potion of heal wounds
 B - a potion of ambrosia {unknown}


   Skills:
 + Level 4.2 Fighting
 * Level 1.7(3.7) Short Blades
 - Level 5.2(5.4) Long Blades
 - Level 1.5 Throwing
 + Level 2.6 Armour
 + Level 5.2 Dodging
 + Level 2.7 Invocations


You had one spell level left.
You knew the following spells:

 Your Spells              Type           Power      Damage    Failure   Level
a - Beastly Appendage     Tmut           0%         N/A       65%         1
b - Poisonous Vapours     Pois/Air       0%         N/A       80%         2
c - Call Canine Familiar  Summ           0%         N/A       95%         3
Your spell library was empty.

Dungeon Overview and Level Annotations

Branches:
Dungeon (8/15)             Temple (0/1) D:6
   Lair: D:8-11

Altars:
Nemelex Xobeh
Trog

Portals:
Bailey: D:7

Annotations:
D:7 Harold, Joseph, Prince Ribbit
D:8 exclusion: upstairs


Innate Abilities, Weirdness & Mutations

You are immune to sickness and miasma.
You are immune to poison.
Your flesh is very heat resistant. (rF++)
You are vulnerable to cold. (rC-)
You float through the air rather than walking.
You learn spells naturally, not from books.
Your magical power is your life essence.
You have superior vitality. (+4 MHP)


Message History

Harold hits you with a +0 battleaxe! The goblin hits you with a +0 spear.
An orc comes into view. It is wielding a +0 short sword.
The orc closely misses you. The goblin misses you.
You puncture the orc!
You kill the orc!
Harold hits you with a +0 battleaxe. The goblin closely misses you.
An orc comes into view. It is wielding a +0 trident.
The goblin completely misses you.
Harold throws a throwing net.
The throwing net closely misses you. The goblin barely misses you.
Things that are here:
a +0 club; a +0 spear; a goblin corpse You draw a card...
You have drawn the Storm.
A fierce wind blows from the card.
You hear mighty peals of thunder!
You hear the steady creaking of a portcullis.
Harold throws a throwing net.
The throwing net closely misses you.
An orc comes into view. It is wielding a +0 war axe.
You completely miss the orc. The orc hits you with a +0 war axe!
You hit the orc.
The orc is moderately wounded.
An orc wizard comes into view. It is wielding a +0 dagger.
The goblin hits you but does no damage. Harold hits you with a +0 battleaxe.
The orc hits you with a +0 war axe!
* * * LOW HITPOINT WARNING * * *
The orc priest looks encouraged for a moment.
You closely miss the orc.
The orc is moderately wounded.
The orc wizard shouts!
The goblin closely misses you. Harold closely misses you.
The orc barely misses you.
The orc wizard casts a spell.
The orc wizard flickers and vanishes!
Deactivating autopickup; reactivate with Ctrl-A.
Unknown command.
Unknown command.
As you read the scroll labelled ESTATE DOEP, it crumbles to dust.
You feel strangely unstable.
It was a scroll of teleportation.
The goblin hits you but does no damage. Harold hits you with a +0 battleaxe!!
You die...
Your body glows slightly and disappears.

#.## #..#
#(.########
...####>o)g..$.#
......oo##..##.#
...####g###.#
#g# ... #@#
≈o≈≈. #@# .>.≈.#
#o# .∩.≈.# #(.
o.o≈.# ###{
≈≈≈≈.. .. ##


You could see Harold, an orc priest, 3 orcs and 2 goblins.

Vanquished Creatures
  2 ogres (D:5)
  A bullfrog (D:8)
  A scorpion (D:5)
  A water moccasin skeleton (D:5)
  A centaur zombie (D:5)
  A bullfrog zombie (D:5)
  4 hounds
  A jelly (D:5)
  An iguana (D:5)
  A mummy (D:5)
  8 adders
  8 gnolls
  A white imp (D:5)
  2 ufetubi
  4 worms
  2 dart slugs
  2 orcs
  5 bats
  4 endoplasms
  A giant cockroach (D:1)
  9 goblins
  9 hobgoblins
  5 quokkas
  8 ball pythons
  5 frilled lizards
  A hobgoblin zombie (D:5)
  10 kobolds
  2 kobold zombies (D:5)
  An orc zombie (D:5)
  4 rats
105 creatures vanquished.

Vanquished Creatures (others)
  A goblin (D:4)
1 creature vanquished.

Grand Total: 106 creatures vanquished

Notes
Turn   | Place    | Note
-------+----------+-------------------------------------------
     0 | D:1      | demenzo the Djinni Gladiator began the quest for the Orb.
     0 | D:1      | Reached XP level 1. HP: 18/18 MP: 0/0
   121 | D:1      | Reached XP level 2. HP: 23/23 MP: 0/0
   323 | D:1      | Reached XP level 3. HP: 21/29 MP: 0/0
   323 | D:1      | Learned a level 1 spell: Beastly Appendage
   447 | D:1      | Found a faded altar of an unknown god.
  1420 | D:2      | Reached XP level 4. HP: 26/34 MP: 0/0
  3046 | D:3      | Reached XP level 5. HP: 34/40 MP: 0/0
  3046 | D:3      | Learned a level 2 spell: Poisonous Vapours
  3099 | D:3      | Found a sparkling altar of Nemelex Xobeh.
  3163 | D:3      | Became a worshipper of Nemelex Xobeh the Trickster
  4668 | D:4      | Reached XP level 6. HP: 29/46 MP: 0/0
  4795 | D:4      | Found a bloodstained altar of Trog.
  4912 | D:5      | Entered Level 5 of the Dungeon
  4919 | D:5      | Reached skill level 1 in Armour
  4919 | D:5      | Reached skill level 1 in Invocations
  4939 | D:5      | Noticed an ogre
  5138 | D:5      | Noticed an ogre
  5154 | D:5      | Killed an ogre
  5319 | D:5      | Reached * piety under Nemelex Xobeh
  5331 | D:5      | Reached XP level 7. HP: 50/50 MP: 0/0
  5331 | D:5      | Learned a level 3 spell: Call Canine Familiar
  5908 | D:5      | Reached skill level 5 in Long Blades
  6226 | D:5      | Received a gift from Nemelex Xobeh
  6629 | D:5      | Reached skill level 5 in Dodging
  7258 | D:5      | Reached skill level 1 in Short Blades
  7258 | D:5      | Reached XP level 8. HP: 58/58 MP: 0/0
  7725 | D:6      | Found a staircase to the Ecumenical Temple.
  7743 | D:6      | You are sucked into a shaft and drop 1 floor!
  7743 | D:7      | Noticed Prince Ribbit
  7777 | D:7      | Noticed Joseph
  8195 | D:7      | Found a flagged portal.
  8204 | D:7      | Noticed Harold
  8221 | D:7      | Mangled by Harold

Illustrated notes

Levels and vault maps discovered:
D:1:      minmay_arrival_hallway, layout_basic,
          chequers_ecumenical_altar_simple_redux
D:2:      wander_river, layout_basic
D:3:      layout_rooms, lemuel_tele_altar
D:4:      layout_loops_ring, trog_hazing_becter, dk_noncrumbling_3
D:5:      layout_loops_ring, grunt_ministairs_8, minmay_mini_ossuary
D:6:      layout_layer_cave, minmay_temple_entry_junction_2
D:7:      layout_basic, enter_bailey_5, uniq_joseph, uniq_prince_ribbit1,
          uniq_harold, uniq_crazy_yiuf_cottage
D:8:      layout_cave_pools

Skill      XL: |  1  2  3  4  5  6  7 |
---------------+----------------------+-----
Long Blades    | 3 4 5 |  5.2
Dodging        | 4 5 |  5.2
Fighting       | 3 4 |  4.2
Armour         | 1 2 |  2.6
Invocations    | 1 2 |  2.7
Short Blades   | 1 |  1.7
Throwing       | |  1.5

Action                   |  1- 3 |  4- 6 |  7- 9 || total
-------------------------+-------+-------+-------++-------
Melee: Long sword        |   101 |   200 |    90 ||   391
       Punch             |     1 |     2 |     3 ||     6
       Rapier            |       |       |    47 ||    47
Invok: Draw Escape       |       |       |     2 ||     2
       Draw Destruction  |       |       |     1 ||     1
  Use: Scroll            |       |       |     9 ||     9
       Potion            |       |       |     2 ||     2
 Stab: Sleeping          |     1 |       |       ||     1
Armor: Leather armour    |    39 |    24 |       ||    63
       Ring mail         |       |    28 |    58 ||    86
Dodge: Dodged            |    84 |   162 |   120 ||   366
